 Dungeon Crawl Stone Soup version 0.31.0-11-ge490571c62 (webtiles) character file.

Game seed: 809002796423624245

10300 ezpacito the Cleaver (level 11, -2/127 HPs)
             Began as a Demonspawn Berserker on Feb 8, 2024.
             Was an Elder of Trog.
             Slain by a death knight
             ... wielding a +1 great sword
              (22 damage)
             ... on level 9 of the Dungeon.
             The game lasted 00:20:04 (8477 turns).

ezpacito the Cleaver (Demonspawn Berserker)         Turns: 8477, Time: 00:20:05

Health: -2/127     AC: 10    Str: 23    XL:     11   Next: 34%
Magic:  20/20      EV: 14    Int:  7    God:    Trog [****..]
Gold:   352        SH:  4    Dex: 14    Spells: 10/10 levels left

rFire   + . .        D - +4 broad axe
rCold   + . .        (no shield)
rNeg    + . .        E - +0 steam dragon scales
rPois   .            (no helmet)
rElec   .            n - +2 cloak
rCorr   .            (gloves unavailable)
SInv    .            b - +0 pair of boots
Will    .....        d - amulet of regeneration Stlth
                     A - ring of positive energy
HPRegen 0.00/turn    u - ring of magical power
MPRegen 0.17/turn

%: no passive effects
@: berserking, inhibited regen, very quick
A: thin skeletal structure 1, powered by pain 1, condensation shield, demonic
touch 3, cold resistance 1, fire resistance 1, inhibited regeneration
a: Renounce Religion, Berserk, Trog's Hand, Brothers in Arms


You were on level 9 of the Dungeon.
You worshipped Trog.
Trog was greatly pleased with you.
You visited 2 branches of the dungeon, and saw 10 of its levels.

You collected 482 gold pieces.
You spent 130 gold pieces at shops.

Inventory:

Hand Weapons
 c - the +2 dagger of Accidental Termination {heavy, rF+ rCorr Dex-4}
   (You found it on level 5 of the Dungeon)

   Dex-4:     It affects your dexterity (-4).
   rF+:       It protects you from fire.
   rCorr:     It protects you from acid and corrosion.
 e - a +4 scimitar
 l - the +1 war axe of Dung {drain, ^Fragile rPois Dex+2}
   (You took it off a kobold demonologist on level 9 of the Dungeon)

   Dex+2:     It affects your dexterity (+2).
   rPois:     It protects you from poison ^Fragile: It will be destroyed if
   unequipped.
 D - a +4 broad axe (weapon)
 M - a +3 trident of draining
Missiles
 a - 122 stones
 j - 7 javelins (quivered)
 w - 2 datura-tipped darts
 y - 4 silver javelins
 B - 5 atropa-tipped darts
 H - a curare-tipped dart
 I - 34 poisoned darts
Armour
 b - a +0 pair of boots (worn)
 n - a +2 cloak (worn)
 E - +0 steam dragon scales (worn)
 L - the +18 shield of the Gong {Loud rN+ Will+ rCorr EV-5}
   (You acquired it on level 8 of the Dungeon)

   Loud:      It is deafeningly noisy when blocking attacks.
   EV-5:      It affects your evasion (-5).
   rN+:       It protects you from negative energy.
   Will+:     It increases your willpower.
   rCorr:     It protects you from acid and corrosion.
Jewellery
 d - an amulet of regeneration (around neck)
 q - a ring of see invisible
 u - a ring of magical power (right hand)
 A - a ring of positive energy (left hand)
 F - a ring of willpower
Talismans
 f - a serpent talisman
 r - a flux talisman
 K - a storm talisman
Wands
 x - a wand of iceblast (25)
 O - a wand of flame (8)
Scrolls
 i - a scroll of silence {unknown}
 p - 4 scrolls of teleportation
 s - a scroll of noise
Potions
 g - a potion of magic
 h - a potion of heal wounds
 k - a potion of haste
 m - 2 potions of lignification {unknown}
 o - 2 potions of invisibility {unknown}
 z - 2 potions of curing
 G - a potion of enlightenment {unknown}


   Skills:
 * Level 7.7 Fighting
 + Level 0.4 Short Blades
 * Level 9.7 Axes
 * Level 5.8 Armour
 + Level 5.1 Dodging
 + Level 4.4 Stealth
 * Level 5.2 Shields
 * Level 5.1 Unarmed Combat
 * Level 4.1 Evocations


You had 10 spell levels left.
You didn't know any spells.
Your spell library contained the following spells:

 Spells                   Type           Power      Damage    Failure   Level
 Kiss of Death            Conj/Necr      0%         2d5       43%         1
 Slow                     Hex            0%         N/A       43%         1
 Blink                    Tloc           0%         N/A       56%         2
 Jinxbite                 Hex            0%         N/A       56%         2
 Lesser Beckoning         Tloc           0%         N/A       56%         2
 Momentum Strike          Conj/Tloc      0%         3d8       56%         2
 Confusing Touch          Hex            0%         N/A       80%         3
 Sigil of Binding         Hex            0%         N/A       80%         3
 Stone Arrow              Conj/Erth      0%         3d7       80%         3
 Vampiric Draining        Necr           0%         2d6       80%         3
 Animate Armour           Summ/Erth      0%         N/A       99%         4
 Dispel Undead            Necr           0%         3d6       99%         4
 Summon Forest            Summ/Tloc      0%         N/A       100%        5
 Yara's Violent Unravell  Hex/Alch       0%         3d3       100%        5
 Eringya's Noxious Bog    Alch           0%         4d6       100%        6
 Enfeeble                 Hex            0%         N/A       100%        7
 Summon Hydra             Summ           0%         N/A       100%        7
 Lehudib's Crystal Spear  Conj/Erth      0%         10d2      100%        8


Dungeon Overview and Level Annotations

Branches:
Dungeon (9/15)             Temple (1/1) D:6
   Lair: D:8-11         Orc: D:9-12

Altars:
Cheibriados
Dithmenos
Fedhas
Gozag
Kikubaaqudgha
Makhleb
Nemelex Xobeh
Okawaru
Qazlal
Ru
Sif Muna
Trog
Uskayaw
Vehumet
Wu Jian
Xom
Yredelemnul

Shops:
D:4 (


Innate Abilities, Weirdness & Mutations

You have a somewhat thin skeletal structure. (Dex +2, Stealth+)
You sometimes gain a little power by taking damage.
A meltable shield of frost defends you. (SH +4)
Your touch may irresistibly damage your foes and sap their willpower.
Your flesh is cold resistant. (rC+)
Your flesh is heat resistant. (rF+)
You do not regenerate when monsters are visible.


Message History

No target in view!
No target in view!
There is a stone staircase leading up here.
There is an open door here.
You now have 352 gold pieces (gained 1).
There is an open door here.
Found a stone staircase leading down.
A death knight comes into view. It is wielding a +1 great sword.
Found a book of Sloth.
The death knight hits you with a +1 great sword!!
You hit the death knight.
The death knight is lightly wounded.
The death knight barely misses you.
You barely miss the death knight.
The death knight is lightly wounded.
The death knight invokes the aid of Yredelemnul against you.
Your body is wracked with pain!
You are too injured to fight recklessly!
You are too injured to fight recklessly!
You are too injured to fight recklessly!
You are too injured to fight recklessly!
You are too injured to fight recklessly!
You are too injured to fight recklessly!
You are too injured to fight recklessly!
You are too injured to fight recklessly!
You are too injured to fight recklessly!
You are too injured to fight recklessly!
You are too injured to fight recklessly!
You are too injured to fight recklessly!
A red film seems to cover your vision as you go berserk!
You feel yourself moving faster!
You feel mighty!
The death knight hits you with a +1 great sword!
You slash the death knight!
The death knight is lightly wounded.
The death knight hits you with a +1 great sword!!
* * * LOW HITPOINT WARNING * * *
You barely miss the death knight. Your touch misses the death knight.
The death knight is lightly wounded.
The death knight hits you with a +1 great sword!!
You die...

#.:....#
###......## ###
#.......... ...
.......... ...
#....>.... ...
#......... ...
#..p...... ...
#.@######## ...
#..#......#.....#
#..'......#.....#
#..#......#.....#
#..#......#.....#
#..#......#.....###
#..+......#........
#..+......#........
#..#......#........


You could see a death knight.

Vanquished Creatures
  A two-headed ogre (D:9)
  A boulder beetle (D:8)
  The ghost of Charlie33ad the Thaumaturge, a novice DECj (D:6)
  2 ugly things (D:9)
  A cyclops (D:9)
  Joseph (D:8)
  Jeremiah (D:8)
  A kobold demonologist (D:9)
  A wraith (D:9)
  2 shadows (D:9)
  2 wyverns (D:9)
  4 yaks (D:9)
  A human (shapeshifter) (D:9)
  A steam dragon (D:6)
  A vampire mosquito (D:9)
  3 acid dragons
  2 water moccasins
  An ice beast (D:6)
  3 black bears
  A laughing skull (D:9)
  2 sky beasts
  An ogre (D:6)
  4 centaurs
  2 phantoms (D:6)
  3 kobold brigands
  7 bullfrogs
  A scorpion (D:5)
  12 wights
  A hornet simulacrum (D:9)
  14 killer bees
  5 howler monkeys
  2 gnoll boudas
  A bombardier beetle (shapeshifter) (D:9)
  2 hounds
  4 orc priests
  Natasha (thrice) (D:3)
  6 iguanas
  2 sleepcaps
  8 orc wizards
  8 gnolls
  A river rat (D:6)
  5 adders
  A shadow imp (D:6)
  A white imp (D:7)
  2 ufetubi (D:6)
  3 ribbon worms
  2 dart slugs
  34 orcs
  3 endoplasms
  5 giant cockroaches
  4 goblins
  9 hobgoblins
  8 jackals
  25 kobolds
  7 ball pythons
  5 bats
  8 frilled lizards
  5 rats
247 creatures vanquished.

Vanquished Creatures (others)
  A steam dragon (D:9)
  A sky beast (D:7)
  2 orc wizards (D:9)
  A killer bee simulacrum (D:9)
5 creatures vanquished.

Grand Total: 252 creatures vanquished

Notes
Turn   | Place    | Note
-------+----------+-------------------------------------------
     0 | D:1      | ezpacito the Demonspawn Berserker began the quest for the
                  | Orb.
     0 | D:1      | Reached XP level 1. HP: 18/18 MP: 1/1
   229 | D:1      | Gained mutation: Your touch may inflict minor irresistible
                  | damage on your foes. [demonic ancestry]
   229 | D:1      | Reached XP level 2. HP: 23/24 MP: 2/2
   235 | D:1      | Reached skill level 3 in Axes
   453 | D:1      | Found a faded altar of an unknown god.
  1033 | D:2      | Reached XP level 3. HP: 29/29 MP: 3/3
  1281 | D:2      | Reached ** piety under Trog
  1799 | D:3      | Noticed Natasha
  1806 | D:3      | Killed Natasha
  1807 | D:3      | Gained mutation: Your touch may inflict irresistible damage
                  | on your foes. [demonic ancestry]
  1807 | D:3      | Reached XP level 4. HP: 25/35 MP: 4/4
  2031 | D:3      | You fall into a shaft and drop 2 floors!
  2031 | D:5      | Entered Level 5 of the Dungeon
  2034 | D:5      | Found a shimmering blue altar of Sif Muna.
  2101 | D:5      | Noticed a centaur
  2105 | D:5      | Reached skill level 1 in Stealth
  2105 | D:5      | Reached skill level 1 in Unarmed Combat
  2110 | D:5      | Gained mutation: You have a somewhat thin skeletal
                  | structure. (Dex +2, Stealth+) [demonic ancestry]
  2110 | D:5      | Reached XP level 5. HP: 31/42 MP: 0/5
  2116 | D:5      | Killed a centaur
  2117 | D:5      | Reached skill level 4 in Axes
  2121 | D:5      | Reached skill level 1 in Evocations
  2239 | D:5      | Reached XP level 6. HP: 44/48 MP: 6/6
  2492 | D:5      | Reached skill level 5 in Axes
  2501 | D:5      | Gained mutation: A meltable shield of frost defends you.
                  | (SH +4) [demonic ancestry]
  2501 | D:5      | Reached XP level 7. HP: 51/54 MP: 7/7
  2668 | D:4      | Found Haoclaem's Weapon Shoppe.
  2683 | D:4      | Bought a +0 broad axe for 52 gold pieces
  2895 | D:3      | Noticed Natasha
  2902 | D:3      | Killed Natasha
  2902 | D:3      | Reached *** piety under Trog
  3256 | D:3      | Noticed Natasha
  3260 | D:3      | Killed Natasha
  3627 | D:4      | Found a shadowy altar of Dithmenos.
  4442 | D:5      | Identified the +2 dagger of Accidental Termination {heavy,
                  | rF+ rCorr Dex-4}
  4608 | D:5      | Found an opulent altar of Gozag.
  4831 | D:6      | Found a burning altar of Makhleb.
  4914 | D:6      | Reached skill level 6 in Axes
  4914 | D:6      | Reached XP level 8. HP: 61/61 MP: 8/8
  5087 | D:6      | Reached **** piety under Trog
  5088 | D:6      | Reached skill level 5 in Fighting
  5159 | D:6      | Found a runed translucent door.
  5164 | D:6      | Noticed Charlie33ad's ghost (novice DECj)
  5193 | D:6      | Found a runed translucent door.
  5555 | D:6      | Reached skill level 7 in Axes
  5626 | D:6      | Found a staircase to the Ecumenical Temple.
  5738 | Temple   | Entered the Ecumenical Temple
  5864 | D:4      | Bought 2 javelins for 78 gold pieces
  5969 | D:6      | Killed Charlie33ad's ghost
  5970 | D:6      | Reached XP level 9. HP: 44/68 MP: 9/9
  6162 | D:7      | Reached skill level 8 in Axes
  6561 | D:8      | Noticed Joseph
  6579 | D:8      | Killed Joseph
  6594 | D:8      | Gained mutation: You sometimes gain a little power by
                  | taking damage. [demonic ancestry]
  6594 | D:8      | Reached XP level 10. HP: 33/76 MP: 10/10
  6609 | D:8      | Gained mutation: You do not regenerate when monsters are
                  | visible. [potion of mutation]
  6609 | D:8      | Gained mutation: Your flesh is cold resistant. (rC+)
                  | [potion of mutation]
  6609 | D:8      | Gained mutation: Your flesh is heat resistant. (rF+)
                  | [potion of mutation]
  6725 | D:8      | Reached skill level 9 in Axes
  6835 | D:8      | Identified 2 scrolls of acquirement
  6836 | D:8      | Acquired the +18 shield of the Gong {Loud rN+ Will+ rCorr
                  | EV-5}
  6836 | D:8      | Found the +18 shield of the Gong {Loud rN+ Will+ rCorr
                  | EV-5}
  6838 | D:8      | Acquired the +3 Mad Mage's Maulers {Infuse+∞ VampMP -Cast}
  6838 | D:8      | Found the +3 Mad Mage's Maulers {Infuse+∞ VampMP -Cast}
  6963 | D:8      | Noticed Jeremiah
  6967 | D:8      | Killed Jeremiah
  6968 | D:8      | Reached skill level 5 in Armour
  6968 | D:8      | Reached skill level 1 in Shields
  7434 | D:9      | Noticed a boulder beetle
  7458 | D:8      | Killed a boulder beetle
  7931 | D:9      | Identified the +1 war axe of Dung {drain, ^Fragile rPois
                  | Dex+2}
  7940 | D:9      | Noticed a cyclops
  8096 | D:9      | Noticed a purple ugly thing
  8107 | D:9      | Killed a purple ugly thing
  8111 | D:9      | Noticed a cyclops
  8118 | D:9      | Killed a cyclops
  8119 | D:9      | Reached skill level 5 in Dodging
  8119 | D:9      | Gained mutation: Your touch may irresistibly damage your
                  | foes and sap their willpower. [demonic ancestry]
  8119 | D:9      | Reached XP level 11. HP: 84/84 MP: 1/11
  8121 | D:9      | Noticed a red ugly thing
  8125 | D:9      | Noticed a two-headed ogre
  8139 | D:9      | Killed a red ugly thing
  8141 | D:9      | Killed a two-headed ogre
  8143 | D:9      | Reached skill level 5 in Shields
  8143 | D:9      | Reached skill level 5 in Unarmed Combat
  8471 | D:9      | Noticed a death knight
  8477 | D:9      | Slain by a death knight

Illustrated notes

Levels and vault maps discovered:
D:1:      erik_arrival_cave_to_civilisation [erik_arrival_cave_to_hall],
          layout_basic, ebering_ecumenical_altar_petrified,
          chequers_mini_garden, chequers_avenue
D:2:      layout_loops_ring
D:3:      layout_basic, kennysheep_generic_room_15, uniq_natasha
D:4:      layout_basic, mainiacjoe_overflow_chevrons, serial_shops,
          nicolae_stop_n_shop_2, kennysheep_cross_room, minmay_cupped
D:5:      layout_loops_ring, mainiacjoe_overflow_big_doors
D:6:      layout_loops_ring, mainiacjoe_overflow_alcove_1,
          minmay_temple_entry_fiery, ebering_ghost_sewer_f,
          minmay_misc_feat_enclosed
D:7:      layout_cave_pools
D:8:      layout_rooms, small_statue_intersection, uniq_joseph, uniq_jeremiah
D:9:      layout_irregular_city, mainiacjoe_overflow_cross_hatched,
          nicolae_rejected_hall
Temple:   nicolae_temple_superstar

Skill      XL: |  1  2  3  4  5  6  7  8  9 10 11 |
---------------+----------------------------------+-----
Axes           | 3 4 5 6 7 8 9 |  9.7
Dodging        | 2 3 4 5 |  5.1
Armour         | 2 3 4 5 |  5.8
Stealth        | 1 2 3 4 |  4.4
Unarmed Combat | 1 2 3 4 5 |  5.1
Evocations     | 1 2 3 4 |  4.1
Fighting       | 4 5 6 7 |  7.7
Shields        | 4 5 |  5.2
Short Blades   | |  0.4

Action                     |  1- 3 |  4- 6 |  7- 9 | 10-12 || total
---------------------------+-------+-------+-------+-------++-------
  Melee: Hand axe          |    38 |       |       |       ||    38
         War axe           |    57 |    57 |     5 |       ||   119
         Touch             |    13 |    10 |    39 |     7 ||    69
         Broad axe         |       |       |   273 |    85 ||   358
         Punch             |       |       |     6 |       ||     6
         Unarmed           |       |       |       |   105 ||   105
         Dagger            |       |       |       |    47 ||    47
 Invoke: Berserk           |     1 |     3 |     5 |     9 ||    18
         Trog's Hand       |       |       |     1 |     2 ||     3
    Use: Potion            |       |     1 |     1 |     6 ||     8
         Scroll            |       |       |    10 |     9 ||    19
   Stab: Sleeping          |     3 |       |       |       ||     3
         Distracted        |       |       |       |     1 ||     1
 Armour: Animal skin       |    43 |       |       |       ||    43
         Plate armour      |    20 |    87 |   158 |       ||   265
         Scale mail        |     5 |       |       |       ||     5
         Steam dragon scal |       |       |   100 |   152 ||   252
  Dodge: Dodged            |    58 |    20 |   154 |    85 ||   317
  Block: Other             |       |       |    48 |    11 ||    59
         Kite shield       |       |       |       |   343 ||   343
